 Dungeon Crawl Stone Soup version 0.23.2 (webtiles) character file.

Game seed: 7956008117583285658

58 AdmiralWilbur the Conjurer (level 3, -5/27 HPs)
             Began as a Draconian Conjurer on Apr 2, 2019.
             Was an Initiate of Okawaru.
             Slain by an orc
             ... wielding a +0 flail
              (7 damage)
             ... on level 4 of the Dungeon on Apr 5, 2019.
             The game lasted 00:08:15 (862 turns).

AdmiralWilbur the Conjurer (Draconian Conjurer)      Turns: 862, Time: 00:08:15

Health: -5/27      AC:  5    Str: 10    XL:     3   Next: 76%
Magic:  1/6        EV: 12    Int: 16    God:    Okawaru [......]
Gold:   59         SH:  0    Dex: 11    Spells: 5/6 levels left

rFire    + . .     SeeInvis .   a - +0 dagger (holy)
rCold    x . .     Gourm    .   (no shield)
rNeg     . . .     Faith    .   (armour unavailable)
rPois    .         Spirit   .   (helmet restricted)
rElec    .         Reflect  .   (no cloak)
rCorr    .         Harm     .   (no gloves)
MR       .....                  (no boots)
Stlth    ++........             (no amulet)
HPRegen  0.09/turn              c - ring of fire
MPRegen  0.10/turn              (no ring)

@: no status effects
A: unfitting armour, cold-blooded, AC +5
a: Renounce Religion


You were on level 4 of the Dungeon.
You worshipped Okawaru.
Okawaru was noncommittal.
You were not hungry.

You visited 1 branch of the dungeon, and saw 5 of its levels.

You collected 59 gold pieces.

Inventory:

Hand Weapons
 a - a +0 dagger of holy wrath (weapon)
Jewellery
 c - a ring of fire (left hand)
Scrolls
 f - a scroll of identify {unknown}
Comestibles
 b - 4 rations


   Skills:
 + Level 0.4 Fighting
 + Level 0.1 Short Blades
 + Level 2.2 Dodging
 + Level 1.9 Stealth
 + Level 0.4 Unarmed Combat
 + Level 2.2 Spellcasting
 + Level 4.9 Conjurations


You had 5 spell levels left.
You knew the following spells:

 Your Spells              Type           Power        Failure   Level  Hunger
a - Magic Dart            Conj           ###.         2%          1    #......

Your spell library contained the following spells:

 Spells                   Type           Power        Failure   Level  Hunger
 Searing Ray              Conj           ###...       4%          2    ###....
 Dazzling Spray           Conj/Hex       #.....       22%         3    ###....
 Iskenderun's Mystic Bla  Conj           ###.....     26%         4    #####..
 Force Lance              Conj/Tloc      #.......     58%         4    #####..
 Fulminant Prism          Conj/Hex       #.........   58%         4    #####..


Dungeon Overview and Level Annotations

Branches:
Dungeon (5/15)             Temple (0/1) D:4

Altars:
Makhleb
Okawaru

Annotations:
D:4 Blork the orc


Innate Abilities, Weirdness & Mutations

Your plain brown scales are hard. (AC +5)
You cannot fit into any form of body armour.
You are cold-blooded and may be slowed by cold attacks.


Message History

The phantom hits you but does no damage.
Your magical contamination has completely faded away.
You hit the phantom.
The phantom convulses.
The phantom is moderately damaged.
The phantom hits you.
* * * LOW HITPOINT WARNING * * *
You barely miss the phantom.
The phantom is moderately damaged.
The phantom hits you.
* * * LOW HITPOINT WARNING * * *
The phantom blinks!
You climb upwards.
Level annotation: Blork the orc The orc barely misses you.
The orc hits you but does no damage. The orc closely misses you.
There is a stone staircase leading down here.
The orc hits you with a +0 flail.
* * * LOW HITPOINT WARNING * * *
The orc hits you with a +0 flail!
You die...

....o.###### #.##....#
......o....# #.##.#..#
.oo..o####.#########.##.####
!...o.o.........#.........#
##########.####.#.###.#.#.#
.......o# #..<....#.#.#
...?...>## #########.#.#
.......oo# #.. ..#.#
#######.@# #.# #######.# #..#
#.# #.......# # #..# #.#
#.####### #. ###..# #.# #.#
...# #.######....# #.###.#
...###...........###.....####
....##...#.#................#
........#.#.#..#.##########.#
....#..#.#.#.#...# #.#


You could see 3 orcs.

Vanquished Creatures
  An adder (D:3)
  A shadow imp (D:3)
  An ooze (D:1)
  3 dart slugs
  A leopard gecko (D:1)
  3 goblins (D:1)
  6 hobgoblins (D:1)
  2 jackals (D:4)
  A quokka (D:3)
  3 bats (D:1)
  3 frilled lizards
  2 kobolds (D:1)
  5 rats
32 creatures vanquished.

Vanquished Creatures (others)
  5 toadstools (D:1)
5 creatures vanquished.

Grand Total: 37 creatures vanquished

Notes
Turn   | Place    | Note
-------+----------+-------------------------------------------
     0 | D:1      | AdmiralWilbur the Draconian Conjurer began the quest for
                  | the Orb.
     0 | D:1      | Reached XP level 1. HP: 14/14 MP: 3/3
    74 | D:1      | Reached XP level 2. HP: 14/20 MP: 1/5
   314 | D:1      | Reached XP level 3. HP: 22/26 MP: 0/6
   340 | D:2      | You fall through a shaft!
   346 | D:3      | Found an iron altar of Okawaru.
   346 | D:3      | Found a burning altar of Makhleb.
   372 | D:3      | Became a worshipper of Warmaster Okawaru
   787 | D:4      | Noticed Blork the orc
   799 | D:4      | Found a staircase to the Ecumenical Temple.
   838 | D:4      | Noticed an ogre
   854 | D:5      | Entered Level 5 of the Dungeon
   854 | D:5      | Noticed a phantom
   862 | D:4      | Slain by an orc

Skill      XL: |  1  2 |
---------------+-------+-----
Dodging        | 2 |  2.2
Fighting       | |  0.4
Short Blades   | |  0.1
Stealth        | |  1.9
Unarmed Combat | |  0.4
Spellcasting   | |  2.2
Conjurations   | |  4.9

Action                   || total
-------------------------++-------
Melee: Unarmed           ||    32
       Tailslap          ||     8
       Dagger            ||    60
 Cast: Magic Dart        ||    55
  Use: Scroll            ||     2
       Potion            ||     1
  Eat: Chunk             ||     1
Armor: Skin              ||    21
Dodge: Dodged            ||    54
